 Dungeon Crawl Stone Soup version 0.18.1-48-g4cf74bf (webtiles) character file.

493 KingGeedorah the Changer (level 6, 0/47 HPs)
             Began as a Draconian Transmuter on July 21, 2016.
             Slain by a slave (8 damage)
             ... led by Pikel
             ... on level 4 of the Dungeon.
             The game lasted 00:07:42 (4767 turns).

KingGeedorah the Changer (Draconian Transmuter)     Turns: 4767, Time: 00:07:44

Health: 0/47       AC:  2    Str: 12    XL:     6   Next: 92%
Magic:  7/10       EV: 20    Int: 14    God:
Gold:   181        SH:  0    Dex: 21    Spells: 4 memorised, 0 levels left

rFire  . . .     SeeInvis .       - Unarmed
rCold  . . .     Gourm    .     (armour unavailable)
rNeg   . . .     Faith    .     (shield currently unavailable)
rPois  x         Spirit   .     (helmet currently unavailable)
rElec  .         Dismiss  .     (cloak currently unavailable)
rCorr  .         Reflect  .     (gloves currently unavailable)
SustAt .         Harm     .     (boots currently unavailable)
MR     .....                    (no amulet)
Stlth  ++........               (no ring)
                                w - +3 ring of dexterity

@: spider-form, not resistant to hostile enchantments, unstealthy
A: unfitting armour, (cold-blooded), AC +6
a: End Transformation


You were on level 4 of the Dungeon.
You were hungry.
You were a venomous arachnid creature.
You visited 1 branch of the dungeon, and saw 5 of its levels.

You collected 181 gold pieces.

Inventory:

Missiles
 e - 31 arrows
Armour
 h - a +1 cloak (melded)
Jewellery
 w - a +3 ring of dexterity (left front leg)
Wands
 j - a wand of acid (2/15)
Scrolls
 g - 3 scrolls of teleportation {unknown}
 l - 2 scrolls of fear
 t - 2 scrolls of noise {unknown}
 x - a scroll of blinking
Potions
 a - a potion of lignification {unknown}
 d - a potion of heal wounds {unknown}
 k - a potion of mutation {unknown}
 o - a potion of brilliance {unknown}
 p - 2 potions of cure mutation {unknown}
 q - a potion of degeneration {unknown}
 s - a potion of berserk rage {unknown}
 u - a potion of curing {unknown}
 v - a potion of haste {unknown}
Books
 b - a book of Changes

   Spells                             Type                      Level
   a - Beastly Appendage              Transmutation                1
   b - Sticks to Snakes               Transmutation                2
   c - Spider Form                    Transmutation/Poison         3
   d - Ice Form                       Ice/Transmutation            4
   e - Blade Hands                    Transmutation                5
Comestibles
 c - 2 chunks of flesh
 f - a bread ration
 i - a beef jerky
 n - 2 meat rations


   Skills:
 - Level 1.1 Fighting
 - Level 1.7 Dodging
 - Level 3.0 Unarmed Combat
 - Level 3.0 Spellcasting
 + Level 7.1 Transmutations


You couldn't memorise any spells.
You knew the following spells:

 Your Spells              Type           Power        Failure   Level  Hunger
a - Beastly Appendage     Trmt           ###...       6%          1    #......
b - Sticks to Snakes      Trmt           ###.....     8%          2    ##.....
c - Spider Form           Trmt/Pois      ##........   36%         3    ###....
d - Blade Hands           Trmt           ###.......   61%         5    ######.


Dungeon Overview and Level Annotations

Branches:
Dungeon (5/15)
 Temple: D:4-7

Altars:
Fedhas
Qazlal
Vehumet
The Shining One

Annotations:
D:5 Pikel


Innate Abilities, Weirdness & Mutations

((Your plain brown scales are hard (AC +6).))
Your body does not fit into most forms of armour.
((You are cold-blooded and may be slowed by cold attacks.))


Message History

You turn into a venomous arachnid creature.
Your +1 cloak melds into your body.
The slave hits you.
Unknown command.
You barely miss the slave. The slave misses you.
You closely miss the slave. The slave misses you.
You hit the slave.
The slave is poisoned.
The slave is lightly wounded.
The slave hits you.
* * * LOW HITPOINT WARNING * * *
You hit the slave.
The slave looks even sicker.
The slave is moderately wounded.
The slave closely misses you.
You hit the slave but do no damage.
The slave is moderately wounded.
The slave hits you.
* * * LOW HITPOINT WARNING * * *
You hit the slave.
The slave is heavily wounded.
The slave hits you!
You die...

............##...........########
#...............#.#..#########
##...........##........###...#
...........#...#.............#
#..##..#####.#...............####
..###....###....##...............
.## ##.#...............#.....##..
## #.####....[.......##........ #
#......##.[sp.###.########## #
#...#.......†..#.....## #
##.......#.............## ## #
##................)......# #. #
##........#...............####.
###.........#...............#....
............................#.###
#..........[#.....(...........#
............##>..............##


You could see a slave.

Vanquished Creatures
  Grinder (D:3)
  2 slaves (D:4)
  An ogre (D:5)
  A crimson imp (D:5)
  A hound (D:4)
  3 worker ants (D:4)
  3 gnolls (D:3)
  6 adders
  2 oozes (D:4)
  2 worms
  2 dart slugs
  4 giant geckos
  3 orcs
  2 ball pythons
  A giant cockroach (D:3)
  3 goblins
  4 hobgoblins
  3 jackals (D:4)
  A quokka (D:4)
  4 bats
  4 giant newts
  A jackal skeleton (D:5)
  3 kobolds
  A quokka skeleton (D:4)
  3 rats
61 creatures vanquished.

Vanquished Creatures (collateral kills)
  A scorpion (D:2)
  Terence (D:2)
  2 orcs (D:3)
4 creatures vanquished.

Grand Total: 65 creatures vanquished

Notes
Turn   | Place    | Note
--------------------------------------------------------------
     0 | D:1      | KingGeedorah the Draconian Transmuter began the quest for the Orb.
     0 | D:1      | Reached XP level 1. HP: 16/16 MP: 3/3
   391 | D:1      | Reached XP level 2. HP: 23/23 MP: 5/5
   396 | D:1      | Learned a level 2 spell: Sticks to Snakes
   520 | D:1      | Found a glowing golden altar of the Shining One.
   793 | D:2      | Reached skill level 3 in Transmutations
   888 | D:2      | Noticed Terence
   897 | D:2      | Killed Terence
   897 | D:2      | Reached XP level 3. HP: 23/28 MP: 1/6
  1625 | D:2      | Reached skill level 4 in Transmutations
  1866 | D:3      | Noticed a scorpion
  1906 | D:2      | Killed a scorpion
  1906 | D:2      | Reached XP level 4. HP: 4/35 MP: 0/7
  2332 | D:3      | Learned a level 3 spell: Spider Form
  2417 | D:3      | Reached skill level 5 in Transmutations
  3117 | D:3      | Found a radiant altar of Vehumet.
  3163 | D:3      | Noticed Grinder
  3178 | D:3      | Paralysed by Grinder for 7 turns
  3188 | D:3      | Killed Grinder
  3188 | D:3      | Reached skill level 6 in Transmutations
  3188 | D:3      | Reached XP level 5. HP: 18/40 MP: 3/8
  3542 | D:3      | Found a blossoming altar of Fedhas.
  3914 | D:4      | Reached XP level 6. HP: 43/47 MP: 5/9
  4101 | D:4      | Learned a level 5 spell: Blade Hands
  4171 | D:4      | Found a stormy altar of Qazlal.
  4449 | D:5      | Entered Level 5 of the Dungeon
  4508 | D:5      | Reached skill level 7 in Transmutations
  4509 | D:5      | Noticed a sky beast
  4588 | D:5      | Noticed a slave
  4590 | D:5      | Noticed a slave
  4592 | D:5      | Noticed Pikel
  4592 | D:5      | Noticed a slave
  4592 | D:5      | Noticed a slave
  4621 | D:4      | Killed a slave
  4760 | D:4      | Killed a slave
  4767 | D:4      | Slain by a slave

Skill      XL: |  1  2  3  4  5  6 |
---------------+-------------------+-----
Transmutations | 3 4 6 7 |  7.1
Spellcasting   | 3 |  3.0
Fighting       | |  1.1
Dodging        | |  1.7
Unarmed Combat | |  3.0

Action                   |  1- 3 |  4- 6 || total
-------------------------+-------+-------++-------
Melee: Unarmed           |    78 |   230 ||   308
       Tailslap          |     9 |    16 ||    25
       Punch             |     1 |     1 ||     2
 Cast: Sticks to Snakes  |     5 |    10 ||    15
       Beastly Appendage |     1 |       ||     1
       Spider Form       |       |    11 ||    11
  Use: Scroll            |       |    10 ||    10
  Eat: Chunk             |     2 |     8 ||    10
       Bread ration      |       |     1 ||     1
Armor: Skin              |    14 |    54 ||    68
Dodge: Dodged            |    37 |   204 ||   241
